 Dungeon Crawl Stone Soup version 0.32-a0-630-g46d191b0ed (webtiles) character file.

Game seed: 5809430650453491908

428 porpoise the Shooter (level 6, -2/48 HPs)
             Began as a Human Hunter on Mar 7, 2024.
             Slain by a scorpion (5 damage)
             ... on level 4 of the Dungeon.
             The game lasted 00:08:01 (2820 turns).

porpoise the Shooter (Human Hunter)                 Turns: 2820, Time: 00:08:02

Health: -2/48      AC:  8    Str: 10    XL:     6   Next: 98%
Magic:  6/6        EV: 11    Int:  7    God:
Gold:   150        SH:  0    Dex: 22    Spells: 5/5 levels left

rFire   + . .        a - +0 shortbow
rCold   . . .        (shield currently unavailable)
rNeg    . . .        s - +2 ring mail {Will+}
rPois   .            p - +0 helmet
rElec   .            (no cloak)
rCorr   .            (no gloves)
SInv    .            (no boots)
Will    +....        (no amulet)
Stlth   ++           (no ring)
HPRegen 0.28/turn    (no ring)
MPRegen 0.10/turn

%: no passive effects
@: lethally poisoned (-2 -> -3)
A: explore regen, agile 1, dopey 1, fire resistance 1, inability to read after
injury 1, MP-powered wands
a: no special abilities


You were on level 4 of the Dungeon.
You visited 1 branch of the dungeon, and saw 4 of its levels.

You collected 150 gold pieces.

Inventory:

Hand Weapons
 a - a +0 shortbow (weapon)
 b - a +2 dagger of draining
 n - a +1 dagger of venom
Missiles
 k - 5 poisoned darts
 m - 5 atropa-tipped darts
Armour
 j - a +2 robe of cold resistance
 p - a +0 helmet (worn)
 s - a +2 ring mail of willpower (worn)
 x - a scarf of shadows
Jewellery
 r - an amulet of magic regeneration
Scrolls
 c - a scroll of blinking {unknown}
 e - a scroll of revelation
 f - a scroll of torment {unknown}
 l - a scroll of noise {unknown}
 o - 2 scrolls of butterflies
 t - a scroll of fog {unknown}
 u - 2 scrolls of teleportation {unknown}
 y - a scroll of immolation {unknown}
Potions
 d - a potion of attraction {unknown}
 g - 2 potions of invisibility
 h - 2 potions of brilliance {unknown}
 i - 2 potions of haste {unknown}
 q - a potion of degeneration {unknown}
 v - a potion of curing {unknown}
 w - 2 potions of berserk rage {unknown}
 z - a potion of enlightenment {unknown}


   Skills:
 + Level 3.9 Fighting
 * Level 6.4 Ranged Weapons
 - Level 2.0 Dodging
 + Level 3.7 Stealth


You had 5 spell levels left.
You didn't know any spells.
Your spell library contained the following spells:

 Spells                   Type           Power      Damage    Failure   Level
 Slow                     Hex            0%         N/A       77%         1
 Scorch                   Fire           0%         2d5       88%         2
 Confusing Touch          Hex            0%         N/A       98%         3
 Sigil of Binding         Hex            0%         N/A       98%         3
 Vampiric Draining        Necr           0%         2d6       98%         3
 Flame Wave               Conj/Fire      0%         2d4       100%        4
 Manifold Assault         Tloc           0%         N/A       100%        4
 Dispersal                Tloc           0%         N/A       100%        6
 Summon Cactus Giant      Summ           0%         N/A       100%        6
 Disjunction              Tloc           0%         N/A       100%        8


Dungeon Overview and Level Annotations

Branches:
Dungeon (4/15)
 Temple: D:4-7

Altars:
Makhleb
Yredelemnul

Annotations:
D:3 3 runed translucent doors, discipleofbeogh's ghost, amateur DrSh


Innate Abilities, Weirdness & Mutations

You regain HP and MP as you explore.
You are agile. (Dex +4, Str/Int -1)
You are dopey. (Int -2)
Your flesh is heat resistant. (rF+)
You occasionally lose the ability to read scrolls when taking damage.
You expend magic power (3 MP) to strengthen your wands.


Message History

The scorpion stings you but does no damage.
You shoot an arrow.
The arrow hits the scorpion but does no damage.
The scorpion is heavily wounded.
You feel sick.
The scorpion stings you but does no damage.
You shoot an arrow. The arrow barely misses the scorpion.
You feel sick.
You are no longer poisoned.
The scorpion completely misses you.
You shoot an arrow. The arrow barely misses the scorpion.
The scorpion stings you.
You are poisoned.
The scorpion poisons you! The scorpion misses you.
You shoot an arrow.
The arrow completely misses the scorpion.
* * * LOW HITPOINT WARNING * * *
You feel very sick. The scorpion completely misses you.
You shoot an arrow. The arrow closely misses the scorpion.
* * * LOW HITPOINT WARNING * * *
You feel very sick.
The scorpion stings you but does no damage.
The scorpion barely misses you.
You shoot an arrow.
The arrow hits the scorpion but does no damage.
The scorpion is heavily wounded.
You feel sick.
The scorpion stings you but does no damage.
You shoot an arrow.
The arrow hits the scorpion but does no damage.
The scorpion is heavily wounded.
You feel sick. The scorpion closely misses you. The scorpion stings you.
* * * LOW HITPOINT WARNING * * *
You shoot an arrow. The arrow barely misses the scorpion.
* * * LOW HITPOINT WARNING * * *
You feel sick.
The scorpion stings you but does no damage.
You shoot an arrow. The arrow closely misses the scorpion.
You feel sick. The scorpion barely misses you. The scorpion stings you.
You die...

... .##.# ##. .
#.####### .# #
#.......# ..#
#.##.......##..#
#......>.......
................
.<...........##.#
#.####.......##.#
# ........s@....#
###...###†#####
#... #.# #... #.#
###. #.# #.# ..#
###


You could see a scorpion.

Vanquished Creatures
  A scorpion (D:4)
  Terence (D:2)
  Jessica (D:2)
  3 iguanas (D:4)
  Natasha (thrice) (D:2)
  An orc wizard (D:3)
  Robin (D:2)
  A gnoll (D:1)
  2 adders
  6 orcs
  10 bats
  4 endoplasms
  11 giant cockroaches
  10 goblins
  9 hobgoblins
  15 jackals
  2 quokkas
  3 ball pythons
  2 frilled lizards
  5 kobolds
  7 rats
98 creatures vanquished.

Notes
Turn   | Place    | Note
-------+----------+-------------------------------------------
     0 | D:1      | porpoise the Human Hunter began the quest for the Orb.
     0 | D:1      | Reached XP level 1. HP: 16/16 MP: 1/1
   166 | D:1      | Reached XP level 2. HP: 18/22 MP: 2/2
   247 | D:1      | Reached XP level 3. HP: 23/28 MP: 3/3
   934 | D:2      | Noticed Jessica
   945 | D:2      | Killed Jessica
   946 | D:2      | Reached XP level 4. HP: 24/34 MP: 4/4
  1009 | D:2      | Noticed Terence
  1023 | D:2      | Killed Terence
  1024 | D:2      | Reached skill level 5 in Ranged Weapons
  1037 | D:2      | HP: 1/34 [jackal (2)]
  1039 | D:2      | Gained mutation: Your system is resistant to poisons.
                  | (rPois) [potion of mutation]
  1039 | D:2      | Gained mutation: You occasionally lose the ability to read
                  | scrolls when taking damage. [potion of mutation]
  1039 | D:2      | Gained mutation: You are agile. (Dex +4, Str/Int -1)
                  | [potion of mutation]
  1095 | D:2      | Lost mutation: You are agile. (Dex +4, Str/Int -1) [potion
                  | of mutation]
  1095 | D:2      | Lost mutation: Your system is resistant to poisons. (rPois)
                  | [potion of mutation]
  1095 | D:2      | Gained mutation: You are agile. (Dex +4, Str/Int -1)
                  | [potion of mutation]
  1095 | D:2      | Gained mutation: Your flesh is heat resistant. (rF+)
                  | [potion of mutation]
  1095 | D:2      | Gained mutation: You are dopey. (Int -2) [potion of
                  | mutation]
  1095 | D:2      | Gained mutation: You expend magic power (3 MP) to
                  | strengthen your wands. [potion of mutation]
  1102 | D:2      | Noticed Natasha
  1104 | D:2      | Killed Natasha
  1105 | D:2      | Reached XP level 5. HP: 32/41 MP: 5/5
  1257 | D:2      | Noticed Natasha
  1262 | D:2      | Killed Natasha
  1439 | D:2      | Noticed Natasha
  1447 | D:2      | Killed Natasha
  1633 | D:2      | Noticed Robin
  1654 | D:2      | Killed Robin
  2054 | D:3      | Reached XP level 6. HP: 45/45 MP: 6/6
  2152 | D:3      | Found a runed translucent gate.
  2152 | D:3      | Found a runed translucent gate.
  2152 | D:3      | Found a runed translucent gate.
  2152 | D:3      | Noticed discipleofbeogh's ghost (amateur DrSh)
  2283 | D:3      | Found a basalt altar of Yredelemnul.
  2370 | D:3      | Reached skill level 6 in Ranged Weapons
  2708 | D:4      | Found a burning altar of Makhleb.
  2820 | D:4      | Slain by a scorpion

Illustrated notes

Levels and vault maps discovered:
D:1:      dpeg_arrival_signposts, layout_loops_cross
D:2:      layout_basic, uniq_terence, uniq_jessica, uniq_natasha, uniq_robin
D:3:      minmay_roachtagon, layout_rooms, lemuel_tele_altar,
          ebering_ghost_rock_garden
D:4:      layout_loops_ring, kennysheep_mini, lemuel_round_altar

Skill      XL: |  1  2  3  4  5  6 |
---------------+-------------------+-----
Stealth        | 2 3 |  3.7
Ranged Weapons | 5 6 |  6.4
Fighting       | 3 |  3.9
Dodging        | |  2.0

Action                     |  1- 3 |  4- 6 || total
---------------------------+-------+-------++-------
   Fire: Shortbow          |    89 |   252 ||   341
    Use: Scroll            |     1 |     2 ||     3
         Potion            |       |     3 ||     3
 Armour: Leather armour    |    31 |     4 ||    35
         Robe              |       |    49 ||    49
         Ring mail         |       |    57 ||    57
  Dodge: Dodged            |    37 |    90 ||   127

Table legend: (Time is in decaauts)
 A = Elapsed time spent in this place.
 B = Non-inter-level travel time spent in this place.
 C = Inter-level travel time spent in this place.
 D = Time resting spent in this place.
 E = Time spent auto-exploring this place.
 F = Levels seen in this place.
 G = Mean time per level.
                   A        B        C        D        E       F      G
               +--------+--------+--------+--------+--------+-----+--------+
         Total |   2893 |   2762 |    131 |    313 |   1840 |   4 |  723.2 |
       Dungeon |   2893 |   2762 |    131 |    313 |   1840 |   4 |  723.2 |
               +--------+--------+--------+--------+--------+-----+--------+

Top non-repeatable levels by time:
     D:2: 1143 daAuts
     D:1: 952 daAuts
     D:3: 522 daAuts
     D:4: 274 daAuts
